 Dungeon Crawl Stone Soup version 0.24-a0-179-g7a2c91a (webtiles) character file.

Game seed: 6742716310617017679

15018 galech the Cleaver (level 11, -21/86 HPs)
             Began as a Demonspawn Fighter on Mar 13, 2019.
             Was a High Priest of Okawaru.
             Demolished by a stone giant (30 damage)
             ... on level 2 of the Orcish Mines.
             The game lasted 00:21:40 (10946 turns).

galech the Cleaver (Demonspawn Fighter)            Turns: 10946, Time: 00:21:40

Health: -21/86     AC: 16    Str: 16    XL:     11   Next: 96%
Magic:  20/20      EV: 12    Int: 14    God:    Okawaru [*****.]
Gold:   934        SH: 23    Dex: 26    Spells: 10/10 levels left

rFire    + . .     SeeInvis .   I - +5 war axe
rCold    x . .     Gourm    .   M - +2 large shield {rF+}
rNeg     . . .     Faith    .   O - +2 troll leather armour
rPois    .         Spirit   .   N - +2 hat
rElec    +         Reflect  .   x - +3 cloak "Kuqipom" {*Slow +Inv MR+ Stlth+}
rCorr    .         Harm     .   (no gloves)
MR       +....                  (no boots)
Stlth    +++.......             (no amulet)
HPRegen  2.64/turn              k - +3 ring of protection
MPRegen  0.17/turn              a - ring of Activism {rElec rC- MP+9 Int+5 Dex+9}

@: no status effects
A: antennae 1, large bone plates 1, powered by death 3
a: Heroism, Finesse, Renounce Religion, Evoke Invisibility


You were on level 2 of the Orcish Mines.
You worshipped Okawaru.
Okawaru was extremely pleased with you.
You were not hungry.

You visited 3 branches of the dungeon, and saw 13 of its levels.
You also visited: Ossuary and Ice Cave.

You collected 934 gold pieces.

Inventory:

Hand Weapons
 c - a +4 hand axe of freezing
 I - a +5 war axe (weapon)
 K - a +2 hand axe of flaming
Armour
 s - the +2 ring mail of Oczexo {rElec Str+4 Int+3 Dex-3}
   (You found it on level 9 of the Dungeon)

   It affects your strength (+4).
   It affects your intelligence (+3).
   It affects your dexterity (-3).
   It insulates you from electricity.
 x - the +3 cloak "Kuqipom" (worn) {*Slow +Inv MR+ Stlth+}
   (You found it on level 4 of the Dungeon)

   It affects your resistance to hostile enchantments.
   It lets you turn invisible.
   It may slow you when you take damage.
   It makes you more stealthy.
 G - a +0 plate armour
 L - a +0 cloak of cold resistance
 M - a +2 large shield of fire resistance (worn)
 N - a +2 hat (worn)
 O - a +2 troll leather armour (worn)
Jewellery
 a - the ring of Activism (right hand) {rElec rC- MP+9 Int+5 Dex+9}
   (You found it on level 10 of the Dungeon)

   [ring of intelligence]

   It affects your intelligence (+5).
   It affects your dexterity (+9).
   It makes you vulnerable to cold.
   It insulates you from electricity.
   It affects your magic capacity (+9).
 k - a +3 ring of protection (left hand)
 B - an uncursed ring of see invisible
Wands
 r - a wand of flame (16)
 C - a wand of iceblast (9)
 E - a wand of random effects (39)
 F - a wand of acid (9)
 J - a wand of paralysis (8)
Scrolls
 b - 4 scrolls of teleportation
 i - 2 scrolls of blinking
 j - 10 scrolls of remove curse
 m - a scroll of random uselessness
 o - 2 scrolls of fear
 t - a scroll of noise
 v - 3 scrolls of magic mapping
 y - 3 scrolls of enchant armour
 z - 7 scrolls of identify
 D - 3 scrolls of amnesia
Potions
 d - 2 potions of cancellation
 e - 3 potions of invisibility
 g - a potion of heal wounds
 h - a potion of agility
 l - 3 potions of flight
 n - a potion of ambrosia {unknown}
 p - 6 potions of lignification {unknown}
 q - 3 potions of curing
 u - a potion of berserk rage
 w - 3 potions of brilliance {unknown}
 A - a potion of mutation {unknown}
 H - a potion of might
Comestibles
 f - 19 rations
 P - 3 chunks of flesh


   Skills:
 + Level 8.2 Fighting
 + Level 12.3 Axes
 + Level 6.3 Armour
 + Level 3.8 Dodging
 + Level 1.0 Stealth
 + Level 8.7 Shields
 + Level 0.2 Invocations


You had 10 spell levels left.
You didn't know any spells.
Your spell library contained the following spells:

 Spells                   Type           Power        Failure   Level  Hunger
 Animate Skeleton         Necr           N/A          96%         1    ##.....
 Apportation              Tloc           #.....       96%         1    ##.....
 Beastly Appendage        Tmut           #.....       96%         1    ##.....
 Confusing Touch          Hex            #.....       96%         1    ##.....
 Freeze                   Ice            #...         96%         1    ##.....
 Magic Dart               Conj           #...         96%         1    ##.....
 Sting                    Conj/Pois      #...         96%         1    ##.....
 Summon Small Mammal      Summ           #...         96%         1    ##.....
 Blink                    Tloc           N/A          99%         2    ###....
 Call Imp                 Summ           #.......     99%         2    ###....
 Poisonous Vapours        Pois/Air       #.....       99%         2    ###....
 Slow                     Hex            #.......     99%         2    ###....
 Sticks to Snakes         Tmut           #.......     99%         2    ###....
 Throw Frost              Conj/Ice       #.....       99%         2    ###....
 Conjure Flame            Conj/Fire      #.......     100%        3    ####...
 Mephitic Cloud           Conj/Pois/Air  #.......     100%        3    ####...
 Ozocubu's Armour         Chrm/Ice       #.......     100%        3    ####...
 Recall                   Summ/Tloc      N/A          100%        3    ####...
 Spider Form              Tmut/Pois      #.........   100%        3    ####...
 Animate Dead             Necr           N/A          100%        4    #####..
 Cause Fear               Hex            #.........   100%        4    #####..
 Ice Form                 Ice/Tmut       #.......     100%        4    #####..
 Olgreb's Toxic Radiance  Pois           #.......     100%        4    #####..
 Summon Ice Beast         Ice/Summ       #.......     100%        4    #####..
 Throw Icicle             Conj/Ice       #.......     100%        4    #####..
 Blade Hands              Tmut           #.........   100%        5    ######.
 Borgnjor's Vile Clutch   Necr/Erth      #.........   100%        5    ######.
 Silence                  Hex/Air        #.........   100%        5    ######.
 Venom Bolt               Conj/Pois      #.........   100%        5    ######.
 Yara's Violent Unravell  Hex/Tmut       #.........   100%        5    ######.
 Death Channel            Necr           #.........   100%        6    #######
 Deflect Missiles         Chrm/Air       #.........   100%        6    #######
 Simulacrum               Ice/Necr       #.........   100%        6    #######
 Discord                  Hex            #.........   100%        8    #######


Dungeon Overview and Level Annotations

Branches:
Dungeon (10/15)            Temple (1/1) D:7            Lair (0/6) D:9
    Orc (2/2) D:9
    Elf: Orc:2

Altars:
Ashenzari
Cheibriados
Dithmenos
Elyvilon
Fedhas
Gozag
Hepliaklqana
Kikubaaqudgha
Makhleb
Nemelex Xobeh
Okawaru
Qazlal
Ru
Sif Muna
Trog
Uskayaw
Vehumet
Wu Jian
Xom
Yredelemnul
Zin
The Shining One
Beogh

Shops:
D:6 =   D:9 ?=(   D:10 ?

Annotations:
Orc:1 3 runed translucent doors, galech's ghost, journeyman DsFi


Innate Abilities, Weirdness & Mutations

You have a pair of small antennae on your head.
You are partially covered in large bone plates. (SH +4)
You regenerate a lot of health from kills.


Message History

You hit the stone giant but do no damage.
The stone giant is severely wounded.
You hit the troll.
You kill the troll!
Okawaru accepts your kill.
You hit the stone giant but do no damage.
The stone giant is severely wounded.
You feel like a meek peon again. The stone giant hits you!!
* * * LOW HITPOINT WARNING * * *
You hit the stone giant but do no damage.
The stone giant is severely wounded.
You block the stone giant's attack.
You slash the stone giant!
The stone giant is almost dead.
You block the stone giant's attack.
You hit the stone giant.
The stone giant is almost dead.
The stone giant hits you!!
You die...

. .. ... # ....
#.##.## .....
.$.....###......
#...<@C......
###.)))......
###...##..$
...## . ....
###..< ...# ....


You could see a stone giant.

Vanquished Creatures
  A reaper (IceCv)
  A hydra (D:8)
  An orc knight (Orc:1)
  2 ice statues (IceCv)
  7 ice devils (IceCv)
  2 trolls
  Grinder (D:3)
  4 hippogriffs
  2 dream sheep (D:8)
  Sigmund (D:2)
  12 yaks
  A wyvern (D:8)
  Duvessa (D:7)
  8 orc warriors
  A water moccasin (D:10)
  9 ice beasts
  2 phantoms (D:8)
  A necrophage (D:8)
  9 ogres
  8 centaurs
  A crocodile (D:9)
  7 big kobolds
  Blork the orc (D:6)
  5 bullfrogs
  A wyvern zombie (D:6)
  A wyvern skeleton (D:6)
  A scorpion (D:7)
  A water moccasin skeleton (D:8)
  Dowan (D:7)
  6 killer bees
  6 electric eels (D:10)
  7 wights
  2 howler monkeys
  2 crimson imps
  2 centaur zombies
  3 bullfrog zombies (D:6)
  A jelly (D:7)
  2 quasits
  4 hounds
  13 orc priests
  11 orc wizards
  A centaur skeleton (D:8)
  3 bullfrog skeletons
  A human zombie (Ossuary)
  Ijyb (D:3)
  Natasha (thrice) (D:3)
  3 iguanas
  9 worker ants
  2 killer bee zombies
  2 big kobold zombies (Ossuary)
  4 hound zombies (D:6)
  2 mummies (Ossuary)
  Robin (D:4)
  4 gnolls (D:3)
  9 adders
  3 shadow imps
  7 white imps (IceCv)
  8 ufetubi (IceCv)
  2 oozes (D:1)
  2 adder skeletons (D:8)
  3 adder zombies
  4 worms
  3 dart slugs (D:2)
  7 leopard geckos
  43 orcs
  5 ball pythons
  7 bats
  3 giant cockroaches
  16 goblins
  13 hobgoblins
  6 jackals
  19 kobolds
  4 quokkas
  A ball python skeleton (D:6)
  3 frilled lizards
  A goblin zombie (Ossuary)
  7 hobgoblin zombies (Ossuary)
  2 jackal skeletons
  3 jackal zombies
  10 kobold zombies (Ossuary)
  A leopard gecko skeleton (D:6)
  9 orc zombies (Ossuary)
  A quokka skeleton (D:4)
  10 rats
  2 rat zombies (Ossuary)
402 creatures vanquished.

Vanquished Creatures (others)
  An orc warrior (D:10)
  A killer bee (D:10)
  A worker ant (D:6)
  3 white imps (IceCv)
  4 ufetubi (IceCv)
  A quokka skeleton (D:6)
11 creatures vanquished.

Grand Total: 413 creatures vanquished

Notes
Turn   | Place    | Note
-------+----------+-------------------------------------------
     0 | D:1      | galech the Demonspawn Fighter began the quest for the Orb.
     0 | D:1      | Reached XP level 1. HP: 18/18 MP: 1/1
    95 | D:1      | Reached skill level 2 in Axes
    95 | D:1      | Gained mutation: You regenerate a little health from kills.
                  | [demonic ancestry]
    95 | D:1      | Reached XP level 2. HP: 22/24 MP: 2/2
   330 | D:1      | Gained mutation: You are partially covered in large bone
                  | plates. (SH +4) [demonic ancestry]
   330 | D:1      | Reached XP level 3. HP: 29/29 MP: 3/3
   583 | D:2      | Noticed Sigmund
   591 | D:2      | Killed Sigmund
   591 | D:2      | Reached skill level 4 in Axes
   591 | D:2      | Gained mutation: You regenerate health from kills. [demonic
                  | ancestry]
   591 | D:2      | Reached XP level 4. HP: 35/35 MP: 4/4
   591 | D:2      | Reached XP level 5. HP: 41/41 MP: 5/5
   800 | D:2      | Found a glowing golden altar of the Shining One.
  1207 | D:3      | Noticed Ijyb
  1261 | D:3      | Killed Ijyb
  1261 | D:3      | Reached XP level 6. HP: 28/48 MP: 6/6
  1331 | D:3      | Noticed Natasha
  1349 | D:3      | Killed Natasha
  1364 | D:3      | Noticed Natasha
  1372 | D:3      | Killed Natasha
  1372 | D:3      | Reached skill level 1 in Dodging
  1387 | D:3      | Noticed Natasha
  1397 | D:3      | Killed Natasha
  1405 | D:3      | You fall through a shaft for 3 floors!
  1414 | D:6      | Reached skill level 5 in Axes
  1414 | D:6      | Reached XP level 7. HP: 30/54 MP: 7/7
  1782 | D:6      | Found a shadowy altar of Dithmenos.
  1822 | D:6      | Reached skill level 6 in Axes
  1853 | D:6      | Gained mutation: You have a pair of small antennae on your
                  | head. [demonic ancestry]
  1853 | D:6      | Reached XP level 8. HP: 24/61 MP: 8/8
  1935 | D:5      | Entered Level 5 of the Dungeon
  1965 | D:5      | Reached skill level 5 in Shields
  2102 | D:4      | Found a sand-covered staircase.
  2170 | Ossuary  | Entered an ossuary
  2285 | Ossuary  | Reached skill level 7 in Axes
  2458 | D:4      | Got a spiked cloak
  2464 | D:4      | Identified the +3 cloak "Kuqipom" {*Slow +Inv MR+ Stlth+}
                  | (You found it on level 4 of the Dungeon)
  2646 | D:3      | Reached skill level 5 in Fighting
  2855 | D:3      | Noticed Grinder
  2878 | D:3      | Killed Grinder
  3116 | D:3      | Found a deep blue altar of Sif Muna.
  3210 | D:4      | Reached XP level 9. HP: 68/68 MP: 9/9
  3381 | D:4      | Noticed Robin
  3393 | D:4      | Killed Robin
  3781 | D:5      | Reached skill level 8 in Axes
  4058 | D:5      | Reached skill level 5 in Armour
  4622 | D:6      | Found Qaemayn's Jewellery Shoppe.
  4791 | D:6      | Noticed Blork the orc
  4798 | D:6      | Killed Blork the orc
  4826 | D:6      | Found a stormy altar of Qazlal.
  5010 | D:7      | Noticed Duvessa
  5013 | D:7      | Noticed Dowan
  5042 | D:7      | Killed Dowan
  5044 | D:7      | Killed Duvessa
  5378 | D:7      | Reached skill level 9 in Axes
  5427 | D:7      | Found an ornate altar of the Wu Jian Council.
  5528 | D:7      | Found a staircase to the Ecumenical Temple.
  5556 | Temple   | Entered the Ecumenical Temple
  5593 | Temple   | Became a worshipper of Warmaster Okawaru
  5655 | D:7      | Found a sacrificial altar of Ru.
  5989 | D:8      | Gained mutation: You regenerate a lot of health from kills.
                  | [demonic ancestry]
  5989 | D:8      | Reached XP level 10. HP: 76/76 MP: 10/10
  6071 | D:8      | Reached * piety under Okawaru
  6308 | D:8      | Reached skill level 10 in Axes
  6341 | D:8      | Noticed a two-headed hydra
  6345 | D:8      | Killed a one-headed hydra
  6345 | D:8      | Reached ** piety under Okawaru
  6562 | D:9      | Found Omics's Antique Weapon Shop.
  6676 | D:9      | Reached *** piety under Okawaru
  6840 | D:9      | Found a staircase to the Orcish Mines.
  6900 | D:9      | Found Ebly's Jewellery Shoppe.
  6926 | D:9      | Got a fine ring mail
  6937 | D:9      | Identified the +2 ring mail of Oczexo {rElec Str+4 Int+3
                  | Dex-3} (You found it on level 9 of the Dungeon)
  6964 | D:9      | Reached **** piety under Okawaru
  6964 | D:9      | Reached XP level 11. HP: 84/84 MP: 11/11
  7325 | D:9      | Found a blossoming altar of Fedhas.
  7328 | D:9      | Found an ancient bone altar of Kikubaaqudgha.
  7331 | D:9      | Found a shattered altar of Ashenzari.
  7358 | D:9      | Found Xefracw's Magic Scroll Shoppe.
  7403 | D:9      | Found a staircase to the Lair.
  7528 | D:10     | Entered Level 10 of the Dungeon
  7553 | D:10     | Reached skill level 11 in Axes
  7966 | D:10     | Got a scintillating bronze ring
  7992 | D:10     | Identified the ring of Activism {rElec rC- MP+9 Int+5
                  | Dex+9} (You found it on level 10 of the Dungeon)
  8226 | D:10     | Found a roughly hewn altar of Beogh.
  8329 | D:10     | Found Seoden's Magic Scroll Shop.
  8637 | Orc:1    | Entered Level 1 of the Orcish Mines
  8645 | Orc:1    | Noticed an orc knight
  8667 | Orc:1    | Killed an orc knight
  8667 | Orc:1    | Reached ***** piety under Okawaru
  8672 | Orc:1    | Found a runed translucent gate.
  8672 | Orc:1    | Found a runed translucent gate.
  8672 | Orc:1    | Found a runed translucent gate.
  8678 | Orc:1    | Found an opulent altar of Gozag.
  8679 | Orc:1    | Noticed galech's ghost (journeyman DsFi)
  8707 | Orc:1    | Found a frozen archway.
  8739 | IceCv    | Entered an ice cave
  9854 | IceCv    | Reached skill level 12 in Axes
 10070 | IceCv    | Noticed a reaper
 10098 | IceCv    | Killed a reaper
 10649 | Orc:1    | Found a roughly hewn altar of Beogh.
 10763 | Orc:1    | Reached skill level 1 in Stealth
 10915 | Orc:2    | Entered Level 2 of the Orcish Mines
 10919 | Orc:2    | Noticed a stone giant
 10943 | Orc:2    | HP: 1/86 [stone giant (24)]
 10946 | Orc:2    | Demolished by a stone giant

Levels and vault maps discovered:
D:1:      dpeg_arrival_windows_large_door, layout_basic
D:2:      layout_loops_ring, nicolae_overflow_hidden_temple, uniq_sigmund
D:3:      layout_basic, lemuel_blue_sif_altar, uniq_grinder, uniq_ijyb,
          uniq_natasha
D:4:      layout_loops_ring, lightli_ossuary_entry_decrepit_ruins, uniq_robin
D:5:      layout_loops_cross, first_ration
D:6:      layout_cave_pools, grunt_qazlal_clouds, marbit_many_paths,
          serial_shops, shop, serial_undead, serial_undead_f, serial_undead_f,
          serial_undead_c, serial_undead_d, serial_undead_b, serial_undead_f,
          uniq_blork_the_orc
D:7:      layout_basic, overflow_temple_1_default, nicolae_ru_awakened_eye,
          minmay_temple_entry_hall, uniq_duvessa
D:8:      layout_cave_pools, hangedman_ranch [blue_anna_fruit_fields]
D:9:      layout_basic, grunt_temple_overflow_diamond, lair_entry_dummy,
          david_orc_3, serial_shops, shop_fountains, shop, shop
D:10:     layout_rooms, special_room [special_room_orc], serial_shops,
          kennysheep_little_box, kennysheep_boxes
Temple:   cyrus_circular_temple
Orc:1:    layout_diamond_mine, portal_ice_cave_entry_ice_beasts, basic_altar,
          ebering_ghost_gozag, uniq_nergalle
Orc:2:    kennysheep_orc_mage_school, layout_diamond_mine,
          gammafunk_ghost_split, bloody_makhleb
Ossuary:  ossuary_tomb_1
IceCv:    ice_cave_small_demon

Skill      XL: |  1  2  3  4  5  6  7  8  9 10 11 |
---------------+----------------------------------+-----
Axes           | 2 4 5 6 7 9 10 12 | 12.3
Shields        | 3 4 5 6 7 8 |  8.7
Armour         | 3 4 5 6 |  6.3
Dodging        | 1 2 3 |  3.8
Fighting       | 4 5 6 7 8 |  8.2
Stealth        | 1 |  1.0
Invocations    | |  0.2

Action                   |  1- 3 |  4- 6 |  7- 9 | 10-12 || total
-------------------------+-------+-------+-------+-------++-------
Melee: War axe           |    74 |   151 |   674 |   653 ||  1552
       Hand axe          |       |       |       |    13 ||    13
Invok: Heroism           |       |       |       |     7 ||     7
  Use: Potion            |     1 |     1 |     3 |     1 ||     6
       Scroll            |       |       |    16 |     3 ||    19
  Eat: Chunk             |       |     2 |    16 |    11 ||    29
       Ration            |       |       |       |     2 ||     2
Armor: Scale mail        |    48 |    45 |       |       ||    93
       Chain mail        |       |    48 |   351 |    62 ||   461
       Ring mail         |       |       |       |    18 ||    18
       Plate armour      |       |       |       |   114 ||   114
       Troll leather arm |       |       |       |     5 ||     5
Dodge: Dodged            |    18 |    57 |   140 |   102 ||   317
Block: Shield            |    54 |   156 |   519 |   248 ||   977
       Large shield      |       |       |       |   271 ||   271

Table legend:
 A = Non-vault XP
 B = Vault XP
 C = Vault XP percentage of total XP
 D = Non-vault monster count
 E = Vault monster count
 F = Vault count percentage of total count
                 A         B        C        D         E       F
            +---------+---------+-------+---------+---------+-------
      Total |   12576 |    8879 |  41.4 |     271 |     133 |  32.9
            +---------+---------+-------+---------+---------+-------
        D:1 |      56 |       0 |   0.0 |      26 |       0 |   0.0
        D:2 |      57 |     220 |  79.4 |      21 |       1 |   4.5
        D:3 |     325 |     343 |  51.3 |      37 |       3 |   7.5
        D:4 |     468 |      36 |   7.1 |      17 |      11 |  39.3
        D:5 |     590 |       0 |   0.0 |      11 |       0 |   0.0
        D:6 |    1100 |     537 |  32.8 |      21 |      16 |  43.2
        D:7 |    1154 |     215 |  15.7 |      34 |       2 |   5.6
        D:8 |    1252 |    2208 |  63.8 |      23 |       8 |  25.8
        D:9 |    2258 |     226 |   9.1 |      21 |       5 |  19.2
       D:10 |    3018 |     349 |  10.4 |      40 |      15 |  27.3
      Orc:1 |    1500 |    1032 |  40.8 |      13 |       8 |  38.1
      Orc:2 |     798 |       0 |   0.0 |       7 |       0 |   0.0
    Ossuary |       0 |     217 | 100.0 |       0 |      39 | 100.0
      IceCv |       0 |    3496 | 100.0 |       0 |      25 | 100.0
            +---------+---------+-------+---------+---------+-------
